 Dungeon Crawl Stone Soup version 0.30.1-11-g7821555f0a (webtiles) character file.

Game seed: 3349474225426839098

26 RancidPinata the Sneak (level 3, -2/24 HPs)
             Began as a Gargoyle Delver on Dec 27, 2023.
             Was an Initiate of Okawaru.
             Slain by a gnoll bouda
             ... wielding a +0 club
              (5 damage)
             ... on level 4 of the Dungeon.
             The game lasted 00:07:36 (1519 turns).

RancidPinata the Sneak (Gargoyle Delver)            Turns: 1519, Time: 00:07:36

Health: -2/24      AC:  6    Str: 17    XL:     3   Next: 8%
Magic:  3/3        EV: 11    Int: 10    God:    Okawaru [......]
Gold:   54         SH:  0    Dex: 11    Spells: 2/2 levels left

rFire   . . .        j - +0 flail
rCold   . . .        (no shield)
rNeg    + . .        b - +0 leather armour
rPois   ∞            (no helmet)
rElec   +            (no cloak)
rCorr   .            (no gloves)
SInv    .            (no boots)
Will    .....        (no amulet)
Stlth   +++          (no ring)
HPRegen 0.24/turn    (no ring)
MPRegen 0.08/turn

%: no passive effects
@: no status effects
A: sickness immunity, AC +3, negative energy resistance 1, electricity
resistance, torment resistance 1, petrification resistance
a: Renounce Religion


You were on level 4 of the Dungeon.
You worshipped Okawaru.
Okawaru was noncommittal.
You visited 2 branches of the dungeon, and saw 4 of its levels.

You collected 54 gold pieces.

Inventory:

Hand Weapons
 j - a +0 flail (weapon)
Armour
 b - a +0 leather armour (worn)
 i - an orb of light
Wands
 g - a wand of digging (3)
Scrolls
 c - a scroll of fog
 d - 2 scrolls of magic mapping
 e - a scroll of fear
 h - 2 scrolls of identify {unknown}
Potions
 a - a potion of mutation {unknown}
 f - a potion of haste
 k - a potion of heal wounds {unknown}


   Skills:
 + Level 3.6 Fighting
 + Level 2.4 Maces & Flails
 + Level 1.9 Dodging
 + Level 5.7 Stealth


You had 2 spell levels left.
You didn't know any spells.
Your spell library was empty.

Dungeon Overview and Level Annotations

Branches:
Dungeon (6/15)             Temple (1/1) D:4

Altars:
Cheibriados
Gozag
Hepliaklqana
Makhleb
Nemelex Xobeh
Okawaru
Qazlal
Ru
Sif Muna
Trog
Uskayaw
Vehumet
Xom
Yredelemnul
Zin


Innate Abilities, Weirdness & Mutations

You are immune to sickness and miasma.
Your stone body is resilient. (AC +3)
You are immune to poison.
You resist negative energy. (rN+)
You are resistant to electric shocks. (rElec)
You are resistant to unholy torment.
You are immune to petrification.


Message History

You barely miss the jackal.
The jackal is almost dead.
The jackal closely misses you.
The jackal bites you but does no damage.
You hit the jackal.
You kill the jackal!
Okawaru accepts your kill.
You start resting.
HP restored.
An endoplasm comes into view.
The helpless endoplasm fails to defend itself.
You sock the endoplasm!
You kill the endoplasm!
Okawaru accepts your kill.
Found a short sword.
A gnoll bouda and 3 gnolls come into view.
Found a whip.
The gnoll shouts! x2; The gnoll bouda shouts!
The gnoll bouda barks out a call to the hunt!
The gnolls pick up the pace!
You sock the gnoll!
The gnoll is severely wounded.
The gnoll hits you with a +0 club.
You hit the gnoll.
You kill the gnoll!
Okawaru accepts your kill.
You have reached level 3!
Your experience leads to an increase in your attributes!
Increase (S)trength, (I)ntelligence, or (D)exterity?
You feel stronger. x2
The gnoll hits you with a +0 flail! The gnoll attacks as you move away!
The gnoll hits you with a +0 flail. The gnoll misses you.
You hit the gnoll bouda but do no damage.
The gnoll bouda hits you with a +0 club!
* * * LOW HITPOINT WARNING * * *
The gnoll barely misses you. The gnoll bouda barely misses you.
The gnoll bouda attacks as you move away!
The gnoll bouda hits you with a +0 club.
You die...

#.###.#.###### #.#
##.##
#.####.########
#.#............
#.#.##.#######.
#######.#.##.)....).
........#.##.#######
########...#g#####
............g@..#
#######...#####.#
##### ##.## #.#
##...######## #.#
............# #.#
##...######.# #.#
##### #.# #.# #.#
#.# #.######.#


You could see a gnoll bouda and a gnoll (swift).

Vanquished Creatures
  A gnoll (D:4)
  An ufetubus (D:5)
  An orc (D:5)
  2 endoplasms (D:4)
  3 jackals (D:4)
  A quokka (D:5)
9 creatures vanquished.

Notes
Turn   | Place    | Note
-------+----------+-------------------------------------------
     0 | D:5      | RancidPinata the Gargoyle Delver began the quest for the
                  | Orb.
     0 | D:5      | Reached XP level 1. HP: 14/14 MP: 1/1
    43 | D:5      | Noticed a jelly
   101 | D:6      | Noticed a sky beast
   315 | D:5      | Noticed an ice beast
   356 | D:5      | Noticed an orc wizard
   389 | D:5      | Noticed an iguana
   437 | D:5      | Noticed a sleepcap
   614 | D:5      | Found a shimmering altar of Xom.
   614 | D:5      | Found a radiant altar of Vehumet.
   614 | D:5      | Noticed a hound
   705 | D:5      | Reached XP level 2. HP: 9/19 MP: 2/2
   773 | D:5      | Found a snail-covered altar of Cheibriados.
   872 | D:4      | Found a staircase to the Ecumenical Temple.
   879 | Temple   | Entered the Ecumenical Temple
  1349 | Temple   | Became a worshipper of Warmaster Okawaru
  1514 | D:4      | Reached XP level 3. HP: 22/24 MP: 3/3
  1519 | D:4      | Slain by a gnoll bouda

Illustrated notes

Levels and vault maps discovered:
D:4:      layout_loops_ring, minmay_temple_entry_trees
D:5:      layout_rooms, slow_altar_2, gammafunk_temple_overflow_pools,
          wad_rectangle_vault
D:6:      layout_basic, tso_metal_star, uniq_eustachio
Temple:   minmay_temple_forest_path

Action                     || total
---------------------------++-------
  Melee: Flail             ||    23
         Mace              ||     6
   Stab: Sleeping          ||     1
 Armour: Leather armour    ||    17
  Dodge: Dodged            ||    36
